 Dungeon Crawl Stone Soup version 0.23.2-30-g0e89c35649 (webtiles) character file.

Game seed: 4363651115651409745

1157 DMChimiboy the Fighter (level 8, -2/78 HPs)
             Began as a Minotaur Berserker on June 2, 2019.
             Was a Priest of Trog.
             Slain by an ogre
             ... wielding a +0 giant club
              (8 damage)
             ... on level 6 of the Dungeon on June 8, 2019.
             The game lasted 00:36:24 (5131 turns).

DMChimiboy the Fighter (Minotaur Berserker)         Turns: 5131, Time: 00:36:24

Health: -2/78      AC:  7    Str: 25    XL:     8   Next: 16%
Magic:  7/7        EV: 11    Int:  4    God:    Trog [***...]
Gold:   288        SH:  0    Dex:  9    Spells: 7/7 levels left

rFire    . . .     SeeInvis .   a - +0 hand axe
rCold    . . .     Gourm    .   (no shield)
rNeg     . . .     Faith    .   h - +0 ring mail (curse)
rPois    +         Spirit   .   (helmet restricted)
rElec    .         Reflect  .   s - +0 cloak {rPois}
rCorr    .         Harm     .   (no gloves)
MR       .....                  (no boots)
Stlth    ..........             (no amulet)
HPRegen  0.23/turn              (no ring)
MPRegen  0.10/turn              (no ring)

@: no status effects
A: retaliatory headbutt, horns 2
a: Berserk, Trog's Hand, Renounce Religion


You were on level 6 of the Dungeon.
You worshipped Trog.
Trog was most pleased with you.
You were not hungry.

You visited 1 branch of the dungeon, and saw 6 of its levels.

You collected 288 gold pieces.

Inventory:

Hand Weapons
 a - a +0 hand axe (weapon)
 r - a +4 quarterstaff of chaos
Missiles
 g - 7 needles of frenzy (quivered)
Armour
 b - a +2 robe of positive energy
 h - a cursed +0 ring mail (worn)
 s - a +0 cloak of poison resistance (worn)
 w - a +3 chain mail
Wands
 e - a wand of enslavement (4)
Scrolls
 f - 2 scrolls of enchant armour {unknown}
 k - a scroll of magic mapping
 m - a scroll of amnesia {unknown}
 q - 3 scrolls of identify
 t - a scroll of remove curse {unknown}
 u - 3 scrolls of teleportation {unknown}
 y - a scroll of vulnerability {unknown}
 A - a scroll of noise {unknown}
 B - 2 scrolls of enchant weapon {unknown}
Potions
 d - a potion of magic {unknown}
 i - a potion of might {unknown}
 j - 2 potions of lignification {unknown}
 l - a potion of haste {unknown}
 n - a potion of brilliance {unknown}
 o - a potion of cancellation {unknown}
 p - 4 potions of heal wounds {unknown}
 v - a potion of curing {unknown}
 z - 2 potions of degeneration {unknown}
Comestibles
 c - 8 rations
 x - 6 chunks of flesh


   Skills:
 * Level 9.0 Fighting
 + Level 6.9 Axes
 + Level 6.1 Armour
 - Level 2.3 Dodging


You had 7 spell levels left.
You didn't know any spells.
Your spell library contained the following spells:

 Spells                   Type           Power        Failure   Level  Hunger
 Magic Dart               Conj           #...         63%         1    ##.....
 Blink                    Tloc           N/A          77%         2    ###....
 Call Imp                 Summ           #.......     77%         2    ###....
 Slow                     Hex            #.......     77%         2    ###....
 Conjure Flame            Conj/Fire      #.......     94%         3    ####...
 Mephitic Cloud           Conj/Pois/Air  #.......     94%         3    ####...


Dungeon Overview and Level Annotations

Branches:
Dungeon (6/15)
 Temple: D:4-7

Altars:
Trog

Shops:
D:5 (


Innate Abilities, Weirdness & Mutations

You reflexively headbutt those who attack you in melee.
You have a pair of horns on your head.


Message History

* * * LOW HITPOINT WARNING * * *
You hit the ogre but do no damage.
The ogre is moderately wounded.
The sky beast flickers out of sight!
Deactivating autopickup; reactivate with Ctrl-A.
The ogre hits you with a +0 giant club!
* * * LOW HITPOINT WARNING * * *
You hit the ogre.
The ogre is heavily wounded.
You hit the ogre but do no damage.
The ogre is heavily wounded.
The ogre barely misses you.
You hit the ogre but do no damage.
The ogre is heavily wounded.
You miss something. Something completely misses you.
The ogre hits you with a +0 giant club.
* * * LOW HITPOINT WARNING * * *
You drop a wand of iceblast (1).
Something hits you but does no damage. The ogre hits you with a +0 giant club!
You die...

................+..........###...
#######.##...#.##.........## ##..
#.....##.###.......## ##. #..####
####.....#.## ##.# #.≈≈
≈≈###...###.###..# #.≈## #≈#
##'## ##.#.#.# ##≈#######≈# #.#
##.##.# ≈≈#..)#≈≈## #.# ####.#
≈≈#).)).@.###.## #.#
#..)#≈≈O##...## #.#
######≈.......# #.# #≈..........#
.# ≈≈≈≈≈####.#.....# ######
#.#........ #.#.....### #.##...##
#.# ####


You could see an ogre.

Vanquished Creatures
  2 phantoms
  An orc warrior (D:6)
  An ogre (D:6)
  3 bullfrogs
  A bullfrog zombie (D:5)
  A hound (D:5)
  7 orc wizards
  An orc priest (D:4)
  Crazy Yiuf (D:3)
  2 jellies
  A killer bee zombie (D:6)
  A hound skeleton (D:4)
  5 adders
  4 gnolls (D:2)
  An ooze (D:2)
  An adder skeleton (D:5)
  2 worms
  2 dart slugs
  A leopard gecko (D:3)
  17 orcs
  11 bats
  5 giant cockroaches
  5 goblins
  7 hobgoblins
  6 jackals
  9 kobolds
  A quokka (D:6)
  A ball python (D:1)
  2 ball python skeletons
  2 frilled lizards (D:1)
  2 quokka skeletons (D:4)
  10 rats
  4 fungi (D:3)
120 creatures vanquished.

Notes
Turn   | Place    | Note
-------+----------+-------------------------------------------
     0 | D:1      | DMChimiboy the Minotaur Berserker began the quest for the
                  | Orb.
     0 | D:1      | Reached XP level 1. HP: 19/19 MP: 0/0
   183 | D:1      | Reached XP level 2. HP: 27/27 MP: 1/1
   189 | D:1      | Reached skill level 4 in Fighting
   749 | D:1      | Reached ** piety under Trog
   749 | D:1      | Reached XP level 3. HP: 29/34 MP: 2/2
  1236 | D:2      | Upgraded the game from 0.23.2-1-ga50397a6bc to
                  | 0.23.2-11-gf996548c65
  1393 | D:2      | Reached XP level 4. HP: 26/41 MP: 3/3
  1401 | D:2      | Reached skill level 5 in Fighting
  2185 | D:3      | Noticed a bullfrog
  2191 | D:3      | Killed a bullfrog
  2191 | D:3      | Reached XP level 5. HP: 39/50 MP: 4/4
  2612 | D:3      | Reached skill level 5 in Axes
  2636 | D:3      | Reached skill level 6 in Fighting
  2921 | D:3      | Found a runed translucent door.
  2922 | D:3      | Noticed Crazy Yiuf
  2932 | D:3      | Killed Crazy Yiuf
  3126 | D:4      | Reached XP level 6. HP: 51/57 MP: 5/5
  3608 | D:3      | Upgraded the game from 0.23.2-11-gf996548c65 to
                  | 0.23.2-30-g0e89c35649
  3676 | D:4      | Reached *** piety under Trog
  3940 | D:4      | Reached skill level 7 in Fighting
  4127 | D:5      | Entered Level 5 of the Dungeon
  4187 | D:5      | Found Quyreilu's Antique Weapon Emporium.
  4199 | D:5      | Reached XP level 7. HP: 66/66 MP: 6/6
  4219 | D:5      | Found a bloodstained altar of Trog.
  4244 | D:5      | Reached skill level 5 in Armour
  4634 | D:6      | Reached skill level 8 in Fighting
  4810 | D:6      | Reached XP level 8. HP: 75/75 MP: 7/7
  4904 | D:6      | Reached skill level 9 in Fighting
  5131 | D:6      | Slain by an ogre

Skill      XL: |  1  2  3  4  5  6  7  8 |
---------------+-------------------------+-----
Axes           | 4 5 6 |  6.9
Fighting       | 4 5 6 7 8 9 |  9.0
Armour         | 3 4 5 6 |  6.1
Dodging        | |  2.3

Action                   |  1- 3 |  4- 6 |  7- 9 || total
-------------------------+-------+-------+-------++-------
Melee: Hand axe          |    87 |   153 |    67 ||   307
       Headbutt          |    13 |    30 |    15 ||    58
  Use: Scroll            |     1 |     2 |       ||     3
  Eat: Chunk             |     1 |     5 |     1 ||     7
       Ration            |       |     2 |       ||     2
Armor: Animal skin       |     4 |       |       ||     4
       Ring mail         |    36 |    45 |    29 ||   110
Dodge: Dodged            |    77 |    65 |    51 ||   193
